 Dungeon Crawl Stone Soup version 0.31-a0-219-g8d62b2e7bb (webtiles) character file.

Game seed: 604111016614345523

13860 Anon1729 the Fighter (level 11, 0/101 HPs)
             Began as a Minotaur Monk on July 3, 2023.
             Was a Follower of Uskayaw.
             Slain by a skeletal warrior
             ... wielding a +0 flail
              (20 damage)
             ... on level 14 of the Dungeon.
             The game lasted 00:07:40 (11605 turns).

Anon1729 the Fighter (Minotaur Monk)               Turns: 11605, Time: 00:07:41

Health: 0/101      AC: 18    Str: 16    XL:     11   Next: 81%
Magic:  8/15       EV: 17    Int:  7    God:    Uskayaw [*.....]
Gold:   1337       SH:  0    Dex: 17    Spells: 10/10 levels left

rFire   . . .        o - +1 short sword (venom)
rCold   + . .        d - orb {light}
rNeg    . . .        N - +6 chain mail of Orthodoxy {Stlth+}
rPois   .            (helmet restricted)
rElec   .            (no cloak)
rCorr   .            L - +0 pair of gloves
SInv    .            (no boots)
Will    .....        k - amulet of faith
Stlth   +            t - +5 ring of evasion
HPRegen 0.36/turn    u - ring of protection from cold
MPRegen 0.14/turn

%: faith
@: glowing
A: horns 2, retaliatory headbutt
a: Renounce Religion, Stomp


You were on level 14 of the Dungeon.
You worshipped Uskayaw.
Uskayaw was noncommittal.
You visited 2 branches of the dungeon, and saw 15 of its levels.
You also visited: Sewer.

You collected 1337 gold pieces.

Inventory:

Hand Weapons
 o - a +1 short sword of venom (weapon)
Missiles
 j - 9 boomerangs of dispersal
 K - a throwing net
Armour
 b - a +2 leather armour of poison resistance
 d - an orb of light (worn)
 x - +0 shadow dragon scales
 L - a +0 pair of gloves (worn)
 N - the +6 chain mail of Orthodoxy (worn) {Stlth+}
   (You found it on level 8 of the Dungeon)

   Stlth:     It makes you more stealthy.
Jewellery
 k - an amulet of faith (around neck)
 t - a +5 ring of evasion (left hand)
 u - a ring of protection from cold (right hand)
 F - a ring of flight
Wands
 i - a wand of roots (9)
 q - a wand of acid (17)
 s - a wand of mindburst (17)
 B - a wand of digging (8)
 C - a wand of charming (17)
 D - a wand of polymorph (7)
 H - a wand of flame (15)
Scrolls
 e - 4 scrolls of teleportation
 f - 3 scrolls of revelation
 h - 2 scrolls of torment
 n - 3 scrolls of brand weapon
 w - 6 scrolls of fear
 y - a scroll of silence
 G - 4 scrolls of blinking
 I - 2 scrolls of enchant weapon
 J - 2 scrolls of vulnerability
 T - a scroll of fog
Potions
 a - 2 potions of haste {unknown}
 c - 6 potions of ambrosia
 g - 4 potions of curing
 l - 4 potions of enlightenment
 m - 3 potions of mutation {unknown}
 p - 2 potions of might {unknown}
 v - a potion of magic {unknown}
 z - 2 potions of cancellation {unknown}
 A - 5 potions of lignification {unknown}
 M - a potion of heal wounds {unknown}
 O - a potion of brilliance
 P - a potion of attraction {unknown}
 S - 2 potions of invisibility {unknown}
Miscellaneous
 E - a phial of floods


   Skills:
 + Level 10.4 Fighting
 + Level 9.5 Short Blades
 + Level 9.6 Armour
 + Level 9.5 Dodging
 + Level 6.5 Stealth
 + Level 7.7 Invocations


You had 10 spell levels left.
You didn't know any spells.
Your spell library contained the following spells:

 Spells                   Type           Power      Damage    Failure   Level
 Necrotise                Necr           0%         1d4       98%         1
 Scorch                   Fire           0%         2d5       99%         2
 Vampiric Draining        Necr           0%         2d6       100%        3
 Vhi's Electric Charge    Tloc/Air       0%         N/A       100%        3
 Flame Wave               Conj/Fire      0%         2d4       100%        4
 Agony                    Necr           0%         N/A       100%        5
 Arcjolt                  Conj/Air       0%         1d10      100%        5
 Plasma Beam              Fire/Air       0%         2x1d10    100%        6
 Summon Cactus Giant      Summ           0%         N/A       100%        6


Dungeon Overview and Level Annotations

Branches:
Dungeon (15/15)            Temple (1/1) D:5            Lair (0/5) D:9
    Orc (0/2) D:11          Sewer (visited)
 Vaults: D:13-14     Depths: D:15

Altars:
Ashenzari
Cheibriados
Dithmenos
Elyvilon
Fedhas
Gozag
Hepliaklqana
Kikubaaqudgha
Makhleb
Nemelex Xobeh
Okawaru
Qazlal
Ru
Sif Muna
Trog
Uskayaw
Vehumet
Wu Jian
Xom
Yredelemnul
Zin
The Shining One

Shops:
D:6 =

Annotations:
D:4 3 runed translucent doors, Chingon's ghost, amateur HOFi
D:9 3 runed translucent doors, Takeo's ghost, journeyman DjFE
D:10 2 runed translucent doors, initializr's ghost, journeyman MiCA


Innate Abilities, Weirdness & Mutations

You have a pair of horns on your head.
You reflexively headbutt those who attack you in melee.


Message History

Aiming: Line Pass
Press: ? - help, Dir - move target The skeletal warrior appears confused.
You can no longer pass through a line of other dancers.
The skeletal warrior hits you with a +0 flail!
* * * LOW HITPOINT WARNING * * *
The skeletal warrior hits itself with a +0 flail!
You hit the skeletal warrior but do no damage.
The skeletal warrior is heavily damaged.
You hit the skeletal warrior but do no damage.
The skeletal warrior is heavily damaged.
You hit the skeletal warrior but do no damage.
The skeletal warrior is heavily damaged.
You hit the skeletal warrior.
You headbutt the skeletal warrior, but do no damage.
The skeletal warrior is heavily damaged.
The skeletal warrior seems less confused.
You hit the skeletal warrior but do no damage.
You headbutt the skeletal warrior, but do no damage.
The skeletal warrior is heavily damaged.
The skeletal warrior barely misses you.
You hit the skeletal warrior but do no damage.
The skeletal warrior is heavily damaged.
You hit the skeletal warrior but do no damage.
You headbutt the skeletal warrior, but do no damage.
The skeletal warrior is heavily damaged.
The skeletal warrior barely misses you.
You hit the skeletal warrior but do no damage.
The skeletal warrior is heavily damaged.
You hit the skeletal warrior but do no damage.
You headbutt the skeletal warrior.
The skeletal warrior is heavily damaged.
The skeletal warrior hits you with a +0 flail!
* * * LOW HITPOINT WARNING * * *
You hit the skeletal warrior but do no damage.
You headbutt the skeletal warrior, but do no damage.
The skeletal warrior is heavily damaged.
You feel better.
The skeletal warrior hits you with a +0 flail!!
You die...

### .. ####.# .....
#..###################
#....z@.......>.......
#.#######.####.#######
# #.# #.# ######)# #.#
#......# #.# #.######
#.# #.#########.#
#...........#
#.####....


You could see a skeletal warrior.

Vanquished Creatures
  A skeletal warrior (D:14)
  Pikel (D:8)
  A deep elf pyromancer (D:12)
  3 centaur zombies (D:9)
  A centaur skeleton (D:9)
  A komodo dragon (D:11)
  A troll (D:11)
  3 hellwings (D:9)
  A harpy skeleton (D:9)
  Prince Ribbit (D:8)
  2 hornets
  3 shadows
  Sigmund (D:2)
  A vampire (D:12)
  A wraith (D:11)
  A wyvern (D:8)
  A basilisk (D:9)
  15 yaks
  3 steam dragons
  3 acid dragons
  A black bear (D:5)
  5 orc warriors
  2 ice beasts
  A hornet zombie (D:9)
  An ogre (D:5)
  6 centaurs
  4 lemures (D:8)
  2 phantoms (D:11)
  3 kobold brigands
  3 bullfrogs
  2 gnoll sergeants
  4 scorpions
  11 wights
  9 killer bees
  8 howler monkeys
  A hound (D:6)
  A jelly (D:6)
  A gnoll bouda (D:5)
  9 orc priests
  4 iguanas
  Ijyb (D:5)
  3 sleepcaps
  Natasha (thrice) (D:2)
  9 orc wizards
  6 ogre zombies (D:11)
  38 gnolls
  11 adders
  2 shadow imps
  4 ufetubi
  2 worms (D:3)
  A dart slug (D:2)
  55 orcs
  10 endoplasms
  23 giant cockroaches
  5 goblins
  6 hobgoblins
  15 jackals
  7 quokkas
  16 ball pythons
  3 bats
  12 frilled lizards
  3 goblin skeletons (D:11)
  3 goblin zombies (D:11)
  2 hobgoblin skeletons (D:11)
  2 hobgoblin zombies (D:11)
  21 kobolds
  An orc skeleton (D:11)
  8 orc zombies (D:11)
  4 rats
399 creatures vanquished.

Vanquished Creatures (others)
  A wizard (D:7)
1 creature vanquished.

Grand Total: 400 creatures vanquished

Notes
Turn   | Place    | Note
-------+----------+-------------------------------------------
     0 | D:1      | Anon1729 the Minotaur Monk began the quest for the Orb.
     0 | D:1      | Reached XP level 1. HP: 19/19 MP: 0/0
   159 | D:1      | Reached XP level 2. HP: 27/27 MP: 1/1
   314 | D:1      | Reached skill level 1 in Armour
   545 | D:2      | Noticed Natasha
   554 | D:2      | Killed Natasha
   555 | D:2      | Reached skill level 4 in Fighting
   555 | D:2      | Reached skill level 1 in Invocations
   555 | D:2      | Reached XP level 3. HP: 14/33 MP: 2/2
   651 | D:2      | Noticed Natasha
   657 | D:2      | Killed Natasha
   658 | D:2      | Reached XP level 4. HP: 40/40 MP: 2/4
  1058 | D:2      | Noticed Sigmund
  1068 | D:2      | Killed Sigmund
  1069 | D:2      | Reached XP level 5. HP: 47/47 MP: 5/5
  1397 | D:2      | Noticed Natasha
  1408 | D:2      | Killed Natasha
  1409 | D:2      | Reached XP level 6. HP: 45/55 MP: 6/6
  1739 | D:3      | Reached skill level 5 in Fighting
  2179 | D:3      | Found a faded altar of an unknown god.
  2508 | D:4      | Found an opulent altar of Gozag.
  2544 | D:4      | Found a sparkling altar of Nemelex Xobeh.
  2546 | D:4      | Found a glowing silver altar of Zin.
  2767 | D:4      | Found a runed translucent gate.
  2767 | D:4      | Found a runed translucent gate.
  2767 | D:4      | Found a runed translucent gate.
  2768 | D:4      | Noticed Chingon's ghost (amateur HOFi)
  3016 | D:4      | Found a burning altar of Makhleb.
  3277 | D:5      | Entered Level 5 of the Dungeon
  3293 | D:5      | Reached skill level 1 in Stealth
  3293 | D:5      | Reached XP level 7. HP: 47/61 MP: 8/8
  3360 | D:5      | Reached skill level 5 in Dodging
  3373 | D:5      | Found a glowing drain.
  3378 | Sewer    | Entered a sewer
  3394 | Sewer    | Reached skill level 5 in Short Blades
  4045 | D:5      | Found a staircase to the Ecumenical Temple.
  4210 | D:5      | Reached skill level 6 in Fighting
  4365 | D:5      | Reached XP level 8. HP: 70/70 MP: 9/9
  4400 | D:5      | Noticed Ijyb
  4417 | D:5      | Killed Ijyb
  4560 | D:5      | Reached skill level 5 in Armour
  4998 | Temple   | Entered the Ecumenical Temple
  5017 | Temple   | Became a worshipper of Uskayaw the Reveller
  5017 | Temple   | Reached * piety under Uskayaw
  5068 | D:5      | Reached ** piety under Uskayaw
  5244 | D:5      | Reached *** piety under Uskayaw
  5248 | D:5      | Reached **** piety under Uskayaw
  5405 | D:5      | Reached skill level 7 in Fighting
  5709 | D:6      | Found a shimmering altar of Xom.
  5838 | D:6      | Found Asofrop's Jewellery Boutique.
  6050 | D:6      | Reached XP level 9. HP: 79/79 MP: 11/11
  6239 | D:6      | Found a glowing golden altar of the Shining One.
  6275 | D:6      | Found an ornate altar of the Wu Jian Council.
  6479 | D:6      | Reached ***** piety under Uskayaw
  6488 | D:6      | Reached ****** piety under Uskayaw
  6651 | D:7      | Reached skill level 5 in Invocations
  6922 | D:7      | Found a bloodstained altar of Trog.
  6924 | D:7      | Noticed a wizard
  6929 | D:7      | Killed a wizard
  6985 | D:7      | Found a stormy altar of Qazlal.
  7050 | D:7      | Reached skill level 8 in Fighting
  7389 | D:8      | Noticed Prince Ribbit
  7398 | D:8      | Killed Prince Ribbit
  7483 | D:8      | Identified the +6 chain mail of Orthodoxy {Stlth+}
  7526 | D:8      | Reached XP level 10. HP: 88/88 MP: 13/13
  7556 | D:8      | Noticed Pikel
  7577 | D:8      | Killed Pikel
  8329 | D:9      | Found a staircase to the Lair.
  8449 | D:9      | Reached skill level 5 in Stealth
  8583 | D:9      | Found a runed translucent gate.
  8584 | D:9      | Found a runed translucent gate.
  8584 | D:9      | Noticed Takeo's ghost (journeyman DjFE)
  8586 | D:9      | Found a runed translucent gate.
  8588 | D:9      | Noticed a ten-headed hydra
  8668 | D:9      | Reached skill level 9 in Fighting
  9013 | D:9      | Reached XP level 11. HP: 83/97 MP: 15/15
  9053 | D:9      | Found the +4 Cigotuvi's embrace {Corpsefed rMiasma Drain
                  | rN+}
  9424 | D:10     | Entered Level 10 of the Dungeon
  9615 | D:10     | Found a sacrificial altar of Ru.
  9638 | D:10     | Found a large runed translucent door.
  9638 | D:10     | Found a large runed translucent door.
  9643 | D:10     | Noticed initializr's ghost (journeyman MiCA)
 10305 | D:11     | Noticed a +0 spear
 10312 | D:11     | Noticed a +0 spear
 10319 | D:11     | Noticed a +0 short sword
 10319 | D:11     | Noticed a +0 falchion
 10321 | D:11     | Noticed a +0 short sword
 10516 | D:11     | Noticed a +0 dagger
 10517 | D:11     | Noticed a +0 dagger
 10518 | D:11     | Noticed a +0 falchion
 10544 | D:11     | Reached skill level 10 in Fighting
 10669 | D:11     | Found a staircase to the Orcish Mines.
 11097 | D:11     | Found a hide-covered altar of Uskayaw.
 11255 | D:12     | Noticed a deep elf pyromancer
 11263 | D:12     | Killed a deep elf pyromancer
 11372 | D:12     | You fall into a shaft and drop 3 floors!
 11372 | D:15     | Entered Level 15 of the Dungeon
 11379 | D:15     | Found a shimmering altar of Xom.
 11379 | D:15     | Found a shimmering altar of Xom.
 11380 | D:15     | Found a shimmering altar of Xom.
 11381 | D:15     | Found a shimmering altar of Xom.
 11382 | D:15     | Found a shimmering altar of Xom.
 11393 | D:15     | Found a shimmering altar of Xom.
 11443 | D:14     | Noticed a skeletal warrior
 11490 | D:14     | Killed a skeletal warrior
 11563 | D:14     | Noticed a skeletal warrior
 11605 | D:14     | Slain by a skeletal warrior

Illustrated notes

Levels and vault maps discovered:
D:1:      shiori_arrival_oz, layout_rooms
D:2:      minmay_roachtagon, layout_loops_ring, minivault_24,
          chequers_serial_rivers_marsh, minmay_unequal, uniq_natasha,
          uniq_sigmund
D:3:      layout_loops_ring, chequers_ecumenical_altar_simple
D:4:      minmay_angry_zag, layout_basic, nicolae_gozag_seed_capital,
          jmf_multi_god_temple, mainiacjoe_overflow_catwalk,
          gammafunk_ghost_nasty_kobolds
D:5:      lemuel_castle_with_subvaults [lemuel_castle_interior_original],
          layout_basic, minmay_temple_entry_ruins, serial_glass,
          glass_columns_a, glass_columns_c, gup_sewer_entry_bowl,
          grunt_ministairs_7, uniq_ijyb
D:6:      layout_basic, mainiacjoe_overflow_six_doors_small,
          kennysheep_little_box, nicolae_overflow_hidden_temple,
          serial_corexii_hall, corexii_hall_statues_i, chequers_hall_statues_y,
          corexii_hall_statues_deadend, serial_shops, shop
D:7:      layout_basic, trog_wizard, mainiacjoe_overflow_surrounded_room,
          minivault_22
D:8:      minmay_goldmine, layout_loops_ring, uniq_prince_ribbit1, uniq_pikel
D:9:      layout_roguey, lair_entry_dummy, gammafunk_ghost_hydra_chop,
          hellmonk_guarded_unrand_cigotuvi
D:10:     layout_rooms, mainiacjoe_overflow_cross_hatched,
          ebering_ghost_disaster_area
D:11:     layout_rooms, zombieorc1_lemuel, nicolae_uskayaw_en_pointe
D:12:     minmay_bloctagon, layout_layer_cave, ebering_ghost_inner_flame,
          uniq_erolcha
D:14:     layout_loops_ring, serial_bayou_shore_a, nicolae_tso_carved_into_rock,
          uniq_frances
D:15:     hangedman_depths_entry_try_elsewhere_first, layout_basic,
          xom_redecorated, zin_scriptorium
Temple:   hellmonk_temple_two_chambers

Skill      XL: |  1  2  3  4  5  6  7  8  9 10 11 |
---------------+----------------------------------+-----
Armour         | 1 2 3 4 5 7 8 9 |  9.6
Fighting       | 4 5 6 7 8 9 10 | 10.4
Invocations    | 1 2 3 4 5 6 7 |  7.7
Short Blades   | 4 5 6 7 8 9 |  9.5
Dodging        | 4 5 6 7 8 9 |  9.5
Stealth        | 1 2 3 4 5 6 |  6.5

Action                     |  1- 3 |  4- 6 |  7- 9 | 10-12 || total
---------------------------+-------+-------+-------+-------++-------
  Melee: Short sword       |    60 |   193 |   449 |   620 ||  1322
         Headbutt          |    19 |    49 |   137 |   223 ||   428
 Invoke: Line Pass         |       |       |       |     5 ||     5
    Use: Scroll            |       |       |       |    13 ||    13
         Potion            |       |       |       |     2 ||     2
   Stab: Sleeping          |       |     1 |     5 |       ||     6
         Paralysed         |       |       |    18 |    28 ||    46
         Confused          |       |       |       |     2 ||     2
         Distracted        |       |       |       |     1 ||     1
 Armour: Robe              |     7 |    17 |       |       ||    24
         Shadow dragon sca |       |    38 |   124 |    23 ||   185
         Chain mail        |       |       |       |   201 ||   201
  Dodge: Dodged            |    31 |    90 |   229 |   349 ||   699

Table legend: (Time is in decaauts)
 A = Elapsed time spent in this place.
 B = Non-inter-level travel time spent in this place.
 C = Inter-level travel time spent in this place.
 D = Time resting spent in this place.
 E = Time spent auto-exploring this place.
 F = Levels seen in this place.
 G = Mean time per level.
                   A        B        C        D        E       F      G
               +--------+--------+--------+--------+--------+-----+--------+
         Total |  11303 |  10780 |    523 |    460 |   8055 |  16 |  706.4 |
       Dungeon |  10554 |  10041 |    513 |    460 |   7695 |  14 |  753.9 |
        Temple |     28 |     19 |      9 |      0 |      7 |   1 |   28.0 |
         Sewer |    719 |    719 |      0 |      0 |    352 |   1 |  719.0 |
               +--------+--------+--------+--------+--------+-----+--------+

Top non-repeatable levels by time:
     D:5: 1745 daAuts
     D:2: 1165 daAuts
     D:9: 1066 daAuts
     D:8: 1037 daAuts
     D:6: 885 daAuts
     D:3: 871 daAuts
    D:11: 869 daAuts
    D:10: 799 daAuts
     D:4: 754 daAuts
   Sewer: 719 daAuts
     D:7: 579 daAuts
     D:1: 434 daAuts
    D:14: 148 daAuts
    D:12: 142 daAuts
    D:15: 51 daAuts
